 Dungeon Crawl Stone Soup version 0.31-a0-5-g84e6b34 (webtiles) character file.

Game seed: 5114626324360398857

16550 porkupine the Fighter (level 12, -2/114 HPs)
             Began as a Naga Hedge Wizard on May 4, 2023.
             Was an Elder of Sif Muna.
             Slain by an orc warlord
             ... wielding a +2 heavy battleaxe
              (36 damage)
             ... on level 2 of the Orcish Mines.
             The game lasted 01:33:40 (15821 turns).

porkupine the Fighter (Naga Hedge Wizard)          Turns: 15821, Time: 01:33:41

Health: -2/114     AC: 11    Str: 14    XL:     12   Next: 38%
Magic:  9/24       EV:  9    Int: 18    God:    Sif Muna [****..]
Gold:   315        SH:  0    Dex: 11    Spells: 8/28 levels left

rFire   + . .        Q - +3 dagger (vamp)
rCold   x . .        (no shield)
rNeg    . . .        p - +1 robe {Archmagi}
rPois   +            h - +0 helmet
rElec   .            (no cloak)
rCorr   .            (no gloves)
SInv    +            (no barding)
Will    +....        c - amulet of magic regeneration
Stlth   ++           d - +4 ring of protection
HPRegen 0.39/turn    F - ring of fire
MPRegen 0.59/turn

%: archmagi
@: very slow
A: AC +4, large, see invisible, deformed body, poison resistance, slowness 2,
spit poison 1, naga tail 1
a: Spit Poison, Renounce Religion, Channel Magic, Forget Spell, Divine Exegesis


You were on level 2 of the Orcish Mines.
You worshipped Sif Muna.
Sif Muna was greatly pleased with you.
You visited 2 branches of the dungeon, and saw 13 of its levels.

You collected 1126 gold pieces.
You spent 787 gold pieces at shops.
You donated 24 gold pieces to Zin.

Inventory:

Hand Weapons
 a - the +5 longbow of Iruyta Jokia {drain, rElec}
   (You bought it in a shop on level 7 of the Dungeon)

   rElec:     It insulates you from electricity.
 b - a +4 halberd of flaming
 o - a +2 flail of protection
 N - a +2 mace of holy wrath
 P - a +2 dagger of electrocution
 Q - a +3 vampiric dagger (weapon)
Missiles
 k - 20 poisoned darts
 x - 5 javelins
 L - 9 boomerangs
 O - 2 curare-tipped darts
Armour
 h - a +0 helmet (worn)
 p - a +1 robe of the Archmagi (worn)
 t - the +0 robe of Caboterch {rPois Str+3 Dex+4}
   (You bought it in a shop on level 4 of the Dungeon)

   Str:       It affects your strength (+3).
   Dex:       It affects your dexterity (+4).
   rPois:     It protects you from poison.
 H - a +2 robe of cold resistance
Magical Staves
 A - a staff of air
Jewellery
 c - an amulet of magic regeneration (around neck)
 d - a +4 ring of protection (left hand)
 F - a ring of fire (right hand)
Wands
 s - a wand of flame (9)
 B - a wand of iceblast (3)
 C - a wand of quicksilver (7)
 I - a wand of paralysis (13)
Scrolls
 j - 4 scrolls of teleportation
 G - 3 scrolls of identify
Potions
 e - a potion of berserk rage
 f - 3 potions of invisibility
 g - 2 potions of magic
 i - 3 potions of haste
 l - 2 potions of heal wounds {unknown}
 m - 3 potions of might
 n - 3 potions of flight {unknown}
 q - 2 potions of degeneration {unknown}
 r - 3 potions of ambrosia
 u - 3 potions of curing
 v - 2 potions of cancellation {unknown}
 w - a potion of lignification {unknown}
 z - 3 potions of mutation {unknown}
 D - a potion of brilliance {unknown}
 J - a potion of resistance {unknown}
 K - 3 potions of attraction {unknown}


   Skills:
 + Level 9.2 Fighting
 - Level 2.4 Polearms
 + Level 6.1 Ranged Weapons
 - Level 1.5 Dodging
 - Level 3.0 Stealth
 + Level 8.9 Spellcasting
 + Level 7.0 Conjurations
 - Level 2.0 Hexes
 - Level 3.0 Summonings
 - Level 3.0 Translocations
 + Level 7.0 Ice Magic
 + Level 7.0 Air Magic
 - Level 4.0 Poison Magic


You had 8 spell levels left.
You knew the following spells:

 Your Spells              Type           Power      Damage    Failure   Level
a - Magic Dart            Conj           100%       1d8       1%          1
b - Slow                  Hex            88%        N/A       4%          1
c - Blink                 Tloc           56%        N/A       4%          2
d - Call Imp              Summ           56%        N/A       4%          2
e - Poisonous Vapours     Pois/Air       82%        N/A       1%          2
f - Mephitic Cloud        Conj/Pois/Air  44%        N/A       2%          3
g - Freezing Cloud        Conj/Ice/Air   24%        6-21      14%         5
h - Fulminant Prism       Conj/Hex       18%        3d10      14%         4

Your spell library contained the following spells:

 Spells                   Type           Power      Damage    Failure   Level
 Searing Ray              Conj           98%        2d8       1%          2
 Cigotuvi's Dreadful Rot  Necr/Pois/Air  62%        N/A       3%          2
 Dazzling Flash           Conj/Hex       72%        N/A       4%          3
 Beastly Appendage        Tmut           24%        N/A       9%          1
 Spider Form              Tmut/Pois      22%        N/A       12%         3
 Wereblood                Tmut           12%        N/A       14%         2
 Silence                  Hex/Air        18%        N/A       36%         5
 Agony                    Necr           12%        N/A       94%         5


Dungeon Overview and Level Annotations

Branches:
Dungeon (11/15)            Temple (0/1) D:7            Lair (0/5) D:10
    Orc (2/2) D:10
    Elf: Orc:2

Altars:
Ashenzari
Gozag
Okawaru
Sif Muna
Trog
Zin

Shops:
D:4 *((   D:7 ?([[   Orc:1 *

Annotations:
D:9 exclusion: downstairs


Innate Abilities, Weirdness & Mutations

Your serpentine skin is tough. (AC +4)
You have supernaturally acute eyesight. (SInv)
Armour fits poorly on your strangely shaped body.
Your system is resistant to poisons. (rPois)
You cover ground very slowly.
You can spit poison.
You have a snake-like lower body.


Message History

Casting: Mephitic Cloud (mildly dangerous; 2% risk of failure)
Confirm with . or Enter, or press ? or * to list all spells.
Okay, then.
Casting: Mephitic Cloud (mildly dangerous; 2% risk of failure)
Confirm with . or Enter, or press ? or * to list all spells.
Aiming: Freezing Cloud (dangerous; 14% risk of failure)
Press: ? - help, Dir - move target You feel a surge of power!
That beam is likely to hit you.
Continue anyway?
An orc warrior comes into view. It is wielding a +0 battleaxe.
The orc warlord is engulfed in freezing vapours.
The orc warlord seems less confused.
The orc knight is engulfed in noxious fumes.
The orc warlord is engulfed in freezing vapours.
The orc knight hits you with a +0 great sword!
* * * LOW HITPOINT WARNING * * *
The orc warlord is engulfed in freezing vapours. x2
Casting: Freezing Cloud (dangerous; 14% risk of failure)
Confirm with . or Enter, or press ? or * to list all spells.
Okay, then.
Casting: Freezing Cloud (dangerous; 14% risk of failure)
Confirm with . or Enter, or press ? or * to list all spells.
Aiming: Mephitic Cloud (mildly dangerous; 2% risk of failure)
Press: ? - help, Shift-Dir - straight line You feel a surge of power!
The ball explodes into a vile cloud!
The stinking cloud engulfs you but does no damage.
The stinking cloud engulfs the orc warlord but does no damage.
The orc warlord is almost dead.
The stinking cloud engulfs the orc knight but does no damage.
The orc knight is engulfed in noxious fumes.
The orc knight looks very confused.
The orc warlord is engulfed in noxious fumes.
The orc knight is engulfed in noxious fumes.
The orc warlord is engulfed in noxious fumes.
The orc knight is engulfed in noxious fumes.
The orc knight appears confused.
The orc knight shouts, "NO!"
The orc warlord attacks as you move away!
The orc warlord hits you with a +2 heavy battleaxe!!!
You die...

###..........).........o).
#.##.........<..)....#.......
#...............[.............
.....................).....)..
#.##.................)........
# #....#..#................)..
#^........................).
#...........o.o°§§......)..#.
##.#..$..#..@☼☼○☼§§§.........
#####......#o°#§§§..........
##..#.########.##.##..#. ## ##
###########


You could see an orc warlord, an orc knight (confused) and an orc warrior
(strong).

Vanquished Creatures
  2 two-headed ogres (D:10)
  3 orc high priests
  2 orc knights (Orc:2)
  2 orc sorcerers (Orc:2)
  2 kobold demonologists (D:9)
  Psyche (D:8)
  2 trolls
  Prince Ribbit (D:9)
  3 hornets
  A shadow (D:10)
  2 wyverns
  2 vampires
  17 yaks (D:10)
  2 basilisks (D:10)
  A steam dragon (D:8)
  A warg (D:10)
  3 water moccasins (D:10)
  Duvessa (D:6)
  17 orc warriors
  An ice beast (D:7)
  3 black bears
  5 ogres
  4 centaurs
  4 kobold brigands
  A bullfrog (D:7)
  5 scorpions
  7 wights
  Dowan (D:6)
  6 killer bees
  A howler monkey (D:5)
  4 hounds
  4 jellies
  15 orc priests
  A sleepcap (D:6)
  22 orc wizards
  3 iguanas
  6 gnolls
  10 adders
  2 white imps
  2 worms
  7 dart slugs
  48 orcs
  5 ball pythons
  4 bats
  4 endoplasms
  3 giant cockroaches
  7 goblins
  14 hobgoblins
  9 jackals
  16 kobolds
  3 quokkas
  5 frilled lizards
  A quokka zombie (D:4)
  4 rats
  A rat zombie (D:4)
303 creatures vanquished.

Vanquished Creatures (collateral kills)
  A water moccasin (D:7)
  An ice beast (D:3)
  A centaur (D:7)
  A phantom (D:5)
  An orc priest (D:4)
  Robin (D:3)
  A gnoll (D:5)
  A worm (D:2)
  3 orcs
  3 goblins
  3 hobgoblins (D:3)
17 creatures vanquished.

Vanquished Creatures (others)
  2 orcs (D:8)
  2 bushes (D:10)
  6 fungi (D:10)
  29 plants
39 creatures vanquished.

Grand Total: 359 creatures vanquished

Notes
Turn   | Place    | Note
-------+----------+-------------------------------------------
     0 | D:1      | porkupine the Naga Hedge Wizard began the quest for the
                  | Orb.
     0 | D:1      | Reached XP level 1. HP: 15/15 MP: 4/4
   144 | D:1      | Reached skill level 1 in Fighting
   144 | D:1      | Reached XP level 2. HP: 25/25 MP: 6/6
   490 | D:1      | Reached XP level 3. HP: 31/31 MP: 7/7
   538 | D:1      | Learned a level 1 spell: Slow
   541 | D:1      | Learned a level 2 spell: Blink
   544 | D:1      | Learned a level 2 spell: Call Imp
  1427 | D:2      | Reached skill level 2 in Fighting
  1481 | D:2      | Identified the ring "Ikaryukh" {rCorr Str+3}
  1568 | D:2      | Reached XP level 4. HP: 39/39 MP: 9/9
  2293 | D:3      | Reached skill level 1 in Hexes
  2293 | D:3      | Reached XP level 5. HP: 39/45 MP: 4/10
  2450 | D:3      | Noticed an ice beast
  2495 | D:3      | Killed an ice beast
  2626 | D:3      | Reached XP level 6. HP: 54/55 MP: 7/12
  2830 | D:3      | Noticed Robin
  2843 | D:3      | Killed Robin
  3000 | D:3      | Found a faded altar of an unknown god.
  3009 | D:3      | Prayed at the altar of an unknown god.
  3009 | D:3      | Became a worshipper of Zin the Law-Giver
  3009 | D:3      | Reached * piety under Zin
  3009 | D:3      | Reached ** piety under Zin
  3010 | D:3      | Fell from the grace of Zin
  3406 | D:4      | Found Ixoickeilu's Assorted Antiques.
  3414 | D:4      | Bought a brightly glowing robe for 142 gold pieces
  3414 | D:4      | Identified the +0 robe of Caboterch {rPois Str+3 Dex+4}
                  | (You bought it in a shop on level 4 of the Dungeon)
  3503 | D:4      | Reached skill level 3 in Fighting
  3588 | D:4      | Found an iron altar of Okawaru.
  3593 | D:4      | Found a shimmering blue altar of Sif Muna.
  3602 | D:4      | Became a worshipper of Sif Muna the Loreminder
  3671 | D:4      | Found Hoffyklu's Antique Weapon Emporium.
  3684 | D:4      | Found Urphep's Antique Weapon Emporium.
  4210 | D:4      | Reached XP level 7. HP: 32/62 MP: 9/13
  4508 | D:4      | Reached * piety under Sif Muna
  4725 | D:4      | Learned a level 2 spell: Poisonous Vapours
  4785 | D:5      | Entered Level 5 of the Dungeon
  4939 | D:5      | Reached skill level 1 in Poison Magic
  5171 | D:5      | Reached skill level 4 in Fighting
  5171 | D:5      | Reached skill level 1 in Air Magic
  5175 | D:5      | Learned a level 3 spell: Mephitic Cloud
  5316 | D:5      | Reached skill level 5 in Spellcasting
  5452 | D:5      | Reached XP level 8. HP: 72/72 MP: 4/15
  6560 | D:6      | Noticed Dowan
  6564 | D:6      | Noticed Duvessa
  6575 | D:6      | Killed Duvessa
  6576 | D:6      | Reached skill level 5 in Fighting
  6577 | D:6      | Killed Dowan
  6754 | D:6      | Found a bloodstained altar of Trog.
  7055 | D:6      | Upgraded the game from 0.31-a0-4-gefa6de2 to
                  | 0.31-a0-5-g84e6b34
  7113 | D:6      | Learned a level 5 spell: Freezing Cloud
  7212 | D:6      | Reached XP level 9. HP: 79/82 MP: 18/18
  7665 | D:7      | Reached skill level 1 in Ice Magic
  7733 | D:7      | Identified the +5 scale mail "Weostra" {Dex+2 Stlth+}
  7788 | D:7      | Found Ettojomp's Armour Shop.
  7906 | D:7      | Reached ** piety under Sif Muna
  8001 | D:7      | Found Botapnin's Antique Armour Shop.
  8151 | D:7      | Found Laucluap's Magic Scroll Shop.
  8169 | D:7      | Reached skill level 6 in Fighting
  8236 | D:7      | Identified the +4 dagger "Suton" {heavy, rF- Dex+7}
  8246 | D:7      | Found a staircase to the Ecumenical Temple.
  8246 | D:7      | Noticed a hornet
  8254 | D:7      | Paralysed by a hornet for 2 turns
  8268 | D:7      | Killed a hornet
  8487 | D:7      | Found Maryan's Antique Weapon Shoppe.
  9427 | D:8      | Noticed Psyche
  9440 | D:8      | Killed Psyche
  9897 | D:8      | Found an opulent altar of Gozag.
 10058 | D:8      | Reached XP level 10. HP: 85/87 MP: 17/20
 10556 | D:9      | Reached skill level 5 in Ice Magic
 10571 | D:9      | Noticed a kobold demonologist
 10574 | D:9      | Noticed a kobold demonologist
 10575 | D:9      | Noticed a soul eater
 10577 | D:9      | Noticed a sixfirhy
 10578 | D:9      | Noticed a sun demon
 11034 | D:9      | Noticed a kobold demonologist
 11050 | D:9      | Noticed a rust devil
 11055 | D:9      | Killed a kobold demonologist
 11056 | D:9      | Noticed a sixfirhy
 11063 | D:9      | Killed a kobold demonologist
 11064 | D:9      | Reached skill level 5 in Conjurations
 11163 | D:9      | Reached skill level 5 in Air Magic
 11420 | D:9      | Reached skill level 7 in Fighting
 11951 | D:7      | Bought a polished longbow for 253 gold pieces
 11951 | D:7      | Identified the +5 longbow of Iruyta Jokia {drain, rElec}
                  | (You bought it in a shop on level 7 of the Dungeon)
 12220 | D:9      | Noticed Prince Ribbit
 12231 | D:9      | Killed Prince Ribbit
 12395 | D:10     | Entered Level 10 of the Dungeon
 12485 | D:10     | Reached skill level 1 in Ranged Weapons
 12500 | D:10     | Reached *** piety under Sif Muna
 12858 | D:10     | Found a broken altar of Ashenzari.
 12862 | D:10     | Noticed a two-headed ogre
 12871 | D:10     | Killed a two-headed ogre
 12872 | D:10     | Reached XP level 11. HP: 100/100 MP: 22/22
 12890 | D:10     | Noticed a two-headed ogre
 12909 | D:10     | Killed a two-headed ogre
 13381 | D:10     | Found a staircase to the Orcish Mines.
 13501 | D:10     | Reached skill level 8 in Fighting
 13501 | D:10     | Reached skill level 1 in Polearms
 13644 | D:10     | Found a staircase to the Lair.
 14052 | D:10     | Learned a level 4 spell: Fulminant Prism
 14095 | Orc:1    | Entered Level 1 of the Orcish Mines
 14110 | Orc:1    | Found Qofap's General Store.
 14114 | Orc:1    | Noticed an orc high priest
 14426 | Orc:1    | Noticed a sun demon
 14436 | D:10     | Killed an orc high priest
 14523 | Orc:1    | Reached **** piety under Sif Muna
 14624 | Orc:1    | You fall into a shaft and drop 1 floor!
 14624 | Orc:2    | Entered Level 2 of the Orcish Mines
 14624 | Orc:2    | Noticed an orc high priest
 14624 | Orc:2    | Noticed an orc high priest
 14624 | Orc:2    | Noticed an orc sorcerer
 14624 | Orc:2    | Noticed an orc knight
 14624 | Orc:2    | Noticed an orc sorcerer
 14624 | Orc:2    | Noticed an orc warlord
 14624 | Orc:2    | Noticed an orc knight
 14624 | Orc:2    | Noticed an orc knight
 14625 | Orc:2    | Noticed an orc high priest
 14626 | Orc:2    | Noticed an orc sorcerer
 14627 | Orc:2    | Noticed a sun demon
 14627 | Orc:2    | Noticed a soul eater
 14627 | Orc:2    | Killed an orc high priest
 14627 | Orc:2    | Killed an orc sorcerer
 14628 | Orc:2    | Reached skill level 5 in Ranged Weapons
 14628 | Orc:2    | Reached XP level 12. HP: 82/112 MP: 19/24
 14950 | D:7      | Bought a +1 robe of the Archmagi for 392 gold pieces
 15575 | Orc:2    | Killed an orc high priest
 15576 | Orc:2    | Reached skill level 9 in Fighting
 15821 | Orc:2    | Slain by an orc warlord

Illustrated notes

Levels and vault maps discovered:
D:1:      minmay_arrival_split_and_join, layout_loops_ring
D:2:      layout_loops_ring, kennysheep_potato
D:3:      minmay_general_purpose_star, layout_loops_ring,
          ebering_ecumenical_altar_ruins, glass_columns_b,
          ebering_dispersal_statue_hall, hangedman_decor_clover_reticule,
          fountainhead, uniq_robin
D:4:      layout_loops_corners, grunt_temple_overflow_open, enter_ossuary_4,
          serial_shops, shop, shop, nicolae_shop_tiny_waterfront,
          serial_bayou_pond_b
D:5:      layout_basic
D:6:      layout_cave_pools, lightli_temple_of_fire, uniq_duvessa
D:7:      layout_basic, minmay_temple_entry_junction_2, serial_curves,
          eino_curves_04, eino_curves_02, serial_shops, kennysheep_little_box,
          nicolae_shop_behind_doors, shop, shop
D:8:      layout_rooms, mainiacjoe_overflow_alcove_4, serial_glass,
          glass_columns_a, glass_columns_a, due_unseen_surprise,
          feat_on_display, uniq_psyche
D:9:      layout_loops_ring, grunt_decor_arrowhead,
          chequers_serial_rivers_small_b, uniq_prince_ribbit1
D:10:     layout_basic, lemuel_doored_altar, minmay_lair_entry_grove,
          orc_0_dummy, minmay_fractal_squares_gapless_5
D:11:     minmay_chopped_fan, layout_stronghold, uniq_lodul
Orc:1:    layout_caves, serial_shops, shop
Orc:2:    st_orc_congregation, layout_caves

Skill      XL: |  1  2  3  4  5  6  7  8  9 10 11 12 |
---------------+-------------------------------------+-----
Fighting       | 1 2 3 4 5 6 7 8 9 |  9.2
Conjurations   | 2 3 4 5 6 7 |  7.0
Hexes          | 1 2 |  2.0
Spellcasting   | 4 5 6 7 8 |  8.9
Summonings     | 2 3 |  3.0
Translocations | 2 3 |  3.0
Poison Magic   | 2 4 |  4.0
Air Magic      | 1 3 4 5 6 7 |  7.0
Ice Magic      | 4 6 7 |  7.0
Ranged Weapons | 2 5 6 |  6.1
Polearms       | 2 |  2.4
Dodging        | |  1.5
Stealth        | |  3.0

Action                     |  1- 3 |  4- 6 |  7- 9 | 10-12 || total
---------------------------+-------+-------+-------+-------++-------
  Melee: Dagger            |    31 |   108 |   258 |    87 ||   484
         Halberd           |       |       |    16 |    61 ||    77
         Punch             |       |       |     2 |     2 ||     4
         Mace              |       |       |       |    53 ||    53
   Fire: Longbow           |       |       |       |   135 ||   135
  Throw: Dart              |       |     1 |       |       ||     1
   Cast: Magic Dart        |    17 |    83 |    77 |     9 ||   186
         Slow              |     5 |    14 |    50 |    18 ||    87
         Call Imp          |     1 |    12 |    28 |     9 ||    50
         Blink             |     1 |       |     4 |     9 ||    14
         Poisonous Vapours |       |       |    68 |    49 ||   117
         Mephitic Cloud    |       |       |    21 |    32 ||    53
         Freezing Cloud    |       |       |       |    33 ||    33
 Invoke: Renounce Religion |       |     1 |       |       ||     1
Ability: Spit Poison       |    30 |    43 |    64 |    24 ||   161
  Evoke: Wand              |       |       |     5 |    10 ||    15
    Use: Scroll            |     2 |     7 |     5 |    11 ||    25
         Potion            |       |     1 |     1 |     1 ||     3
   Stab: Sleeping          |     1 |       |     3 |       ||     4
         Distracted        |       |       |     3 |       ||     3
         Confused          |       |       |     4 |     6 ||    10
 Armour: Robe              |     6 |    57 |   162 |   114 ||   339
  Dodge: Dodged            |    14 |    64 |   172 |   171 ||   421

Table legend: (Time is in decaauts)
 A = Elapsed time spent in this place.
 B = Non-inter-level travel time spent in this place.
 C = Inter-level travel time spent in this place.
 D = Time resting spent in this place.
 E = Time spent auto-exploring this place.
 F = Levels seen in this place.
 G = Mean time per level.
                   A        B        C        D        E       F      G
               +--------+--------+--------+--------+--------+-----+--------+
         Total |  18966 |  17851 |   1115 |   1552 |  12791 |  13 | 1458.9 |
       Dungeon |  17609 |  16541 |   1068 |   1482 |  11884 |  11 | 1600.8 |
  Orcish Mines |   1357 |   1311 |     46 |     70 |    906 |   2 |  678.5 |
               +--------+--------+--------+--------+--------+-----+--------+

Top non-repeatable levels by time:
    D:10: 2449 daAuts
     D:7: 1999 daAuts
     D:9: 1968 daAuts
     D:4: 1964 daAuts
     D:8: 1874 daAuts
     D:5: 1747 daAuts
     D:3: 1516 daAuts
     D:6: 1476 daAuts
     D:2: 1372 daAuts
     D:1: 1236 daAuts
   Orc:1: 819 daAuts
   Orc:2: 537 daAuts
    D:11: 3 daAuts
